 Dungeon Crawl Stone Soup version 0.17.2-1-ge4368a0 (webtiles) character file.

9 Goblin1989 the Sneak (level 2, -5/14 HPs)
             Began as a Spriggan Assassin on Oct 19, 2016.
             Killed from afar by an orc wizard (12 damage)
             ... with a puff of flame
             ... on level 4 of the Dungeon.
             The game lasted 00:07:50 (657 turns).

Goblin1989 the Sneak (Spriggan Assassin)             Turns: 657, Time: 00:07:50

Health: -5/14      AC:  3    Str:  7    XL:     2   Next: 3%
Magic:  3/3        EV: 17    Int: 12    God:
Gold:   52         SH:  0    Dex: 17    Spells: 0 memorised, 1 level left

rFire  . . .     SeeInvis +     a - +2 dagger
rCold  . . .     Clarity  .     c - +0 robe
rNeg   . . .     SustAt   .     (shield restricted)
rPois  .         Gourm    .     (helmet restricted)
rElec  .         Spirit   .     d - +0 cloak
rCorr  .         Warding  .     (gloves unavailable)
rMut   .         Stasis   .     (boots unavailable)
MR     .....                    (no amulet)
Stlth  ++++......               (no ring)
                                (no ring)

@: very quick, not resistant to hostile enchantments, stealthy
A: unfitting armour, see invisible, herbivore 3, speed 3, slow metabolism 2
a: no special abilities


You were on level 4 of the Dungeon.
You were not hungry.

You visited 1 branch of the dungeon, and saw 4 of its levels.

You collected 52 gold pieces.

Inventory:

Hand Weapons
 a - a +2 dagger (weapon)
 o - a +0 spear
 w - a +0 blowgun {@w1}
 x - a +0 mace
 z - a +0 dagger
 B - a +0 spear
Missiles
 e - 8 poisoned needles
 f - 2 curare-tipped needles
 t - 8 arrows
 u - 55 stones (quivered)
Armour
 c - a +0 robe (worn)
 d - a +0 cloak (worn)
 l - a +0 chain mail
 q - a +0 chain mail
Jewellery
 i - an uncursed ring of positive energy {unknown}
Wands
 C - a wand of confusion (18)
Scrolls
 j - 2 scrolls of identify {unknown}
 k - a scroll of magic mapping {unknown}
 m - a scroll of fear {unknown}
 n - 2 scrolls of remove curse {unknown}
 p - a scroll of enchant armour {unknown}
 v - a scroll of blinking {unknown}
 y - a scroll of random uselessness {unknown}
Potions
 b - a potion of brilliance {unknown}
 h - a potion of flight {unknown}
 r - a potion of curing {unknown}
 s - 2 potions of heal wounds {unknown}
Comestibles
 g - 2 bread rations {@e1}
 A - a meat ration {@e2}


   Skills:
 - Level 1.5 Fighting
 - Level 2.1 Short Blades
 - Level 2.0 Throwing
 - Level 1.5 Dodging
 + Level 6.6 Stealth


You had one spell level left.
You didn't know any spells.

Dungeon Overview and Level Annotations

Branches:
Dungeon (4/15)
 Temple: D:4-7

Altars:


Innate Abilities, Weirdness & Mutations

You are tiny and cannot use many weapons and most armour.
You have supernaturally acute eyesight.
You are a herbivore.
You cover ground extremely quickly.
You need consume almost no food.


Message History

The orc shouts!
The orc moves out of view.
You closely miss the orc. The orc misses you.
Unknown command.
The orc hits you with a short sword.
You take 4 damage, and have 6/14 hp.
MASSIVE DAMAGE!!
The orc closely misses you.
You see here a meat ration {@e2}.
A - a meat ration {@e2} The orc barely misses you.
Found a spear and a beef jerky.
Found a stone staircase leading down.
Found a stone staircase leading up.
You see here a spear.
B - a spear An orc wizard comes into view.
It is wielding a dagger.
The orc wizard shouts!
The orc wizard casts a spell at you. The puff of flame hits you!
Ouch! That really hurt!
You die...

█...███ █
...██████.█...██████
.>......s.███.....██
..█████.█...s.......
██.█...........
███o.█......█████
███ ██...██......█
..█...█..████......█
█......@.█ █......█
███.██.%....█......█
█.████......... <.
█....███.█ ... .
.... ....) o.o...


You could see a scorpion, an orc wizard and 2 orcs.

Vanquished Creatures
  6 bats
  A goblin (D:3)
  2 rats
9 creatures vanquished.

Notes
Turn   | Place    | Note
--------------------------------------------------------------
     0 | D:1      | Goblin1989 the Spriggan Assassin began the quest for the Orb.
     0 | D:1      | Reached XP level 1. HP: 10/10 MP: 2/2
   156 | D:2      | Reached skill level 6 in Stealth
   568 | D:3      | Reached XP level 2. HP: 8/14 MP: 3/3
   630 | D:4      | Noticed a scorpion
   657 | D:4      | Killed from afar by an orc wizard

Action                   || total
-------------------------++-------
Melee: Dagger            ||    20

Vault maps used:
D:1:      dpeg_arrival_brainrot, corexii_hall_statues_t, minmay_unequal
D:2:      uniq_crazy_yiuf_cottage
D:3:      led_sif_pool, uniq_iyjb, uniq_sigmund
